AoeStats
← javizambrana82

Glade

510748751Analyzed
1v1 RM · 1d ago on Oct 2, 2026· 50m 20s· 2 players
Game mode
Random Map
Map size
Tiny (2 player)
Population
200
Speed
Normal
Resources
Standard
Victory
Conquest
Starting age
Dark Age
Ending age
Imperial Age
RankedLock teamsTeams togetherTeam positionsShared explorationLock speedFull tech treeHidden civsTurbo modeCheats
Victory
Defeat
🇫🇷 Vietnamese · France
712
+26
🇪🇸 Saracens · Spain
740
-17
CroW
13:15 Feudal Age
20:40 Gold Mining
20:32 Horse Collar
23:16 Double-Bit Axe
23:46 Forging
27:27 Castle Age
27:39 Elite Skirmisher
29:38 Thumb Ring
30:21 Bow Saw
30:05 Fletching
35:20 Wheelbarrow
34:41 Stone Mining
35:56 Crossbowman
43:24 Imperial Age
42:17 Hand Cart
42:41 Iron Casting
42:07 Scale Mail Armor
42:55 Heavy Plow
43:02 Squires
43:27 Elite Fire Lancer
44:55 Ballistics
46:42 Chemistry
javizambrana82
7:12 Loom
10:00 Feudal Age
10:36 Town Watch
11:10 Double-Bit Axe
18:07 Castle Age
16:40 Padded Archer Armor
17:09 Gold Mining
17:20 Fletching
26:21 Stone Mining
27:48 Bloodlines
31:05 Scale Barding Armor
35:27 Imperial Age
34:11 Redemption
34:31 Fervor
34:43 Sanctity
35:25 Chain Barding Armor
35:16 Forging
35:02 Bodkin Arrow
35:11 Husbandry
36:54 Wheelbarrow
38:32 Conscription
40:13 Chemistry
40:09 Elite Mameluke
44:34 Gold Shaft Mining
Connection lost

Rejoining the realm…

Still unreachable

The connection could not be restored.

Session expired

The server has moved on; the page needs a fresh start.